 Dungeon Crawl Stone Soup version 0.31-a0-246-g8cbcc1cb85 (webtiles) character file.

Game seed: 8254109723908940128

98 qw the Shooter (level 4, 0/36 HPs)
             Began as a Minotaur Hexslinger on July 12, 2023.
             Slain by an ice beast (10 damage)
             ... on level 3 of the Dungeon.
             The game lasted 00:00:36 (1761 turns).

qw the Shooter (Minotaur Hexslinger)                Turns: 1761, Time: 00:00:36

Health: 0/36       AC:  3    Str: 12    XL:     4   Next: 44%
Magic:  4/4        EV: 12    Int: 10    God:
Gold:   130        SH:  0    Dex: 15    Spells: 4/5 levels left

rFire   . . .        Y - +0 orcbow
rCold   . . .        (shield currently unavailable)
rNeg    . . .        d - +0 leather armour
rPois   .            (helmet restricted)
rElec   .            (no cloak)
rCorr   .            (no gloves)
SInv    .            (no boots)
Will    .....        (no amulet)
Stlth   +            (no ring)
HPRegen 0.26/turn    (no ring)
MPRegen 0.09/turn

%: no passive effects
@: no status effects
A: horns 2, retaliatory headbutt
a: no special abilities


You were on level 3 of the Dungeon.
You visited 1 branch of the dungeon, and saw 3 of its levels.

You collected 130 gold pieces.


Innate Abilities, Weirdness & Mutations

You have a pair of horns on your head.
You reflexively headbutt those who attack you in melee.


   Skills:
 + Level 2.0 Fighting
 - Level 5.0 Ranged Weapons
 - Level 2.1 Dodging
 - Level 1.0 Spellcasting
 - Level 2.0 Hexes


You had 4 spell levels left.
You knew the following spells:

 Your Spells              Type           Power      Damage    Failure   Level
a - Slow                  Hex            16%        N/A       19%         1

Your spell library contained the following spells:

 Spells                   Type           Power      Damage    Failure   Level
 Inner Flame              Hex/Fire       2%         N/A       65%         3
 Portal Projectile        Hex/Tloc       4%         N/A       65%         3
 Cause Fear               Hex            2%         N/A       88%         4

Inventory:

Hand Weapons
 Y - a +0 orcbow (weapon)
Armour
 d - a +0 leather armour (worn)

Dungeon Overview and Level Annotations

Branches:
Dungeon (3/15)

Altars:


Message History

Enter note:
Enter note: Done exploring.
1721 ||| READING 2 scrolls labelled TEASEU MIWOTS.
As you read the scroll labelled TEASEU MIWOTS, it crumbles to dust.
It is a scroll of amnesia.
Really abort (and waste the scroll)?
Done exploring.
1722 ||| DROPPING scroll of amnesia.
You drop a scroll of amnesia.
Done exploring.
(D) Dungeon
Where to? (* - list waypoints, Enter - D:2, ? - help)
What level of the Dungeon? (default 1, ? - help)
There is a stone staircase leading down here.
You climb downwards.
There is a stone staircase leading up here.
Waypoint 2 assigned to D:3.
An ice beast comes into view.
You shoot an arrow. The arrow hits the ice beast.
The ice beast is lightly wounded.
You shoot an arrow. The arrow hits the ice beast!
The ice beast is moderately wounded.
You shoot an arrow. The arrow barely misses the ice beast.
You shoot an arrow. The arrow barely misses the ice beast.
You shoot an arrow. The arrow barely misses the ice beast.
You shoot an arrow. The arrow barely misses the ice beast.
The ice beast hits you but does no damage.
The ice beast hits you. The ice beast freezes you!
You shoot an arrow. The arrow barely misses the ice beast.
The ice beast closely misses you.
You shoot an arrow. The arrow closely misses the ice beast.
The ice beast barely misses you. You furiously retaliate!
You headbutt the ice beast! You shoot an arrow. The arrow hits the ice beast!
The ice beast is almost dead.
The ice beast hits you. The ice beast freezes you!
The ice beast barely misses you.
You shoot an arrow. The arrow closely misses the ice beast.
The ice beast hits you. The ice beast freezes you!
You die...

#. ..# #. ###### ..#
#.##....# #.# ..#.##.# #
#.# ..#.##.# #. #.#
#.#....# +###.##.#
#.#.####.#.#
.......Y#####<#........#
#...@..##....########
#......##........#
#......##....###.#
#...##.........# #.##
########### #


You could see an ice beast.

Vanquished Creatures
  3 adders (D:2)
  2 worms (D:2)
  A dart slug (D:1)
  4 ball pythons
  6 endoplasms
  A giant cockroach (D:1)
  9 goblins
  9 hobgoblins
  5 jackals (D:2)
  3 quokkas
  2 bats (D:2)
  4 kobolds
  6 rats
55 creatures vanquished.

Notes
Turn   | Place    | Note
-------+----------+-------------------------------------------
     0 | D:1      | qw the Minotaur Hexslinger began the quest for the Orb.
     0 | D:1      | Reached XP level 1. HP: 16/16 MP: 1/1
     0 | D:1      | 0 ||| qw: Version: 0.3-a-52-g30416fa
     0 | D:1      | 0 ||| qw: Game counter: 6359
     0 | D:1      | 0 ||| qw: Melee chars always use a shield: true
     0 | D:1      | 0 ||| qw: God list: Okawaru
     0 | D:1      | 0 ||| qw: Allow faded altars: false
     0 | D:1      | 0 ||| qw: Do Orc after clearing Dungeon:15 true
     0 | D:1      | 0 ||| qw: Do second Lair branch before Depths: true
     0 | D:1      | 0 ||| qw: Lair rune preference: random
     0 | D:1      | 0 ||| qw: Goals: Normal
     0 | D:1      | 0 ||| PLANNING D:1-11
   155 | D:1      | Reached skill level 3 in Ranged Weapons
   162 | D:1      | Reached XP level 2. HP: 23/23 MP: 2/2
   682 | D:1      | Reached XP level 3. HP: 28/29 MP: 3/3
   741 | D:1      | 741 ||| SWAPPING to +0 orcbow.
   744 | D:1      | 744 ||| DROPPING +1 sling.
   885 | D:1      | 885 ||| UPGRADING to +0 leather armour.
   895 | D:1      | 895 ||| DROPPING +0 robe.
   896 | D:1      | 896 ||| DROPPING scroll of poison.
   959 | D:2      | Found a faded altar of an unknown god.
  1001 | D:2      | Reached skill level 4 in Ranged Weapons
  1139 | D:2      | Reached XP level 4. HP: 30/36 MP: 4/4
  1643 | D:2      | Reached skill level 5 in Ranged Weapons
  1719 | D:2      | 1719 ||| DROPPING ring of wizardry.
  1720 | D:2      | 1720 ||| READING scroll labelled OLITU YZEISEFU.
  1721 | D:2      | 1721 ||| READING 2 scrolls labelled TEASEU MIWOTS.
  1722 | D:2      | 1722 ||| DROPPING scroll of amnesia.
  1751 | D:3      | Noticed an ice beast
  1761 | D:3      | Slain by an ice beast

Levels and vault maps discovered:
D:1:      dpeg_arrival_rooms_c, layout_loops_corners, glass_columns_a
D:2:      minmay_razor_zed, layout_loops_ring,
          hellmonk_ecumenical_altar_inner_sanctum
D:3:      minmay_goblin_kobold_castle, layout_basic

Skill      XL: |  1  2  3  4 |
---------------+-------------+-----
Ranged Weapons | 3 4 5 |  5.0
Fighting       | 2 |  2.0
Dodging        | |  2.1
Spellcasting   | |  1.0
Hexes          | |  2.0

Action                     |  1- 3 |  4- 6 || total
---------------------------+-------+-------++-------
   Fire: Sling             |    52 |       ||    52
         Orcbow            |    38 |    54 ||    92
    Use: Scroll            |       |     2 ||     2
 Armour: Robe              |     1 |       ||     1
         Leather armour    |     9 |     5 ||    14
  Dodge: Dodged            |    27 |    24 ||    51

Table legend:
 A = Non-vault XP
 B = Vault XP
 C = Vault XP percentage of total XP
 D = Non-vault monster count
 E = Vault monster count
 F = Vault count percentage of total count
                 A         B        C        D         E       F
            +---------+---------+-------+---------+---------+-------
      Total |      99 |      42 |  29.8 |      40 |      15 |  27.3
            +---------+---------+-------+---------+---------+-------
        D:1 |      42 |       0 |   0.0 |      22 |       0 |   0.0
        D:2 |      57 |      42 |  42.4 |      18 |      15 |  45.5
            +---------+---------+-------+---------+---------+-------
